 Dungeon Crawl Stone Soup version 0.29-a0-920-g5d2155ec51 (webtiles) character file.

Game seed: 3756400736573063792

81 Yordlord the Poker (level 4, -2/34 HPs)
             Began as a Human Gladiator on July 27, 2022.
             Slain by an iguana (3 damage)
             ... on level 3 of the Dungeon.
             The game lasted 00:25:03 (1472 turns).

Yordlord the Poker (Human Gladiator)                Turns: 1472, Time: 00:25:04

Health: -2/34      AC:  9    Str: 16    XL:     4   Next: 68%
Magic:  4/4        EV: 10    Int:  8    God:
Gold:   106        SH:  0    Dex: 15    Spells: 3/3 levels left

rFire   . . .      SeeInvis .   a - +0 trident
rCold   . . .      Faith    .   (no shield)
rNeg    . . .      Spirit   .   k - +1 scale mail
rPois   .          Reflect  .   c - +1 helmet
rElec   .          Harm     .   (no cloak)
rCorr   .          Rampage  .   (no gloves)
Will    .....                   (no boots)
Stlth   ..........              (no amulet)
HPRegen 0.11/turn               (no ring)
MPRegen 0.09/turn               (no ring)

@: no status effects
A: no striking features
a: no special abilities


You were on level 3 of the Dungeon.
You visited 1 branch of the dungeon, and saw 3 of its levels.

You collected 106 gold pieces.

Inventory:

Hand Weapons
 a - a +0 trident (weapon)
 f - a +0 dagger
 i - a +0 hand axe
 m - the +12 sling of the Sugar Beet {freeze, Fragile rElec rN++ Str+4}
   (You found it on level 2 of the Dungeon)

   Any ammunition fired from it freezes those it strikes, dealing additional
   cold damage.
   It can also slow down cold-blooded creatures.
   Str:       It affects your strength (+4).
   rElec:     It insulates you from electricity.
   rN:        It greatly protects you from negative energy.
   Fragile:   It will be destroyed if unequipped.
Missiles
 d - 2 throwing nets (quivered)
 e - a javelin
 j - 28 stones
 n - 4 silver boomerangs
Armour
 b - a +0 leather armour
 c - a +1 helmet (worn)
 h - a +0 robe
 k - a +1 scale mail (worn)
Scrolls
 g - a scroll of enchant armour
 l - 2 scrolls of identify {unknown}
 o - a scroll of noise {unknown}
 p - a scroll of enchant weapon {unknown}
Potions
 q - a potion of attraction {unknown}


   Skills:
 + Level 2.5 Fighting
 + Level 3.9 Polearms
 + Level 2.1 Throwing
 + Level 1.5 Armour
 + Level 3.3 Dodging
 + Level 0.3 Stealth


You had 3 spell levels left.
You didn't know any spells.
Your spell library contained the following spells:

 Spells                   Type           Power      Damage    Failure   Level
 Ensorcelled Hibernation  Hex/Ice        0%         N/A       94%         2
 Passwall                 Tmut/Erth      0%         N/A       94%         2
 Swiftness                Air            0%         N/A       99%         3


Dungeon Overview and Level Annotations

Branches:
Dungeon (3/15)

Altars:


Message History

Unknown command.
Unknown command.
Unknown command.
Unknown command.
Unknown command.
Unknown command.
Unknown command.
Unknown command.
Unknown command.
Unknown command.
Unknown command.
Unknown command.
Unknown command.
Unknown command.
Unknown command.
Unknown command.
Unknown command.
Unknown command.
Unknown command.
Unknown command.
Unknown command.
Unknown command.
Unknown command.
Unknown command.
Unknown command.
Unknown command.
Unknown command.
You barely miss the iguana.
The iguana is severely wounded.
The iguana barely misses you.
You closely miss the iguana.
The iguana is severely wounded.
The iguana barely misses you. The iguana closely misses you.
You hit the iguana.
The iguana is almost dead.
The iguana bites you but does no damage.
You barely miss the iguana.
The iguana is almost dead.
The iguana bites you.
You die...

#.# #.#### #.## #.#
#..######.#
#>.......#
#.######## #.# #.#
#.##########
.#######...l@.....#
.........########.#
.........#
.#######.# #.# .#
#.. #.# .# #### #.#
.# #.##.# #....#


You could see an iguana.

Vanquished Creatures
  6 adders
  A worm (D:1)
  A dart slug (D:1)
  3 endoplasms
  2 goblins (D:1)
  4 hobgoblins
  A ball python (D:1)
  5 bats (D:1)
  A kobold (D:1)
  3 rats
27 creatures vanquished.

Notes
Turn   | Place    | Note
-------+----------+-------------------------------------------
     0 | D:1      | Yordlord the Human Gladiator began the quest for the Orb.
     0 | D:1      | Reached XP level 1. HP: 16/16 MP: 1/1
   178 | D:1      | Reached XP level 2. HP: 8/22 MP: 2/2
   752 | D:2      | Identified the +12 sling of the Sugar Beet {freeze, Fragile
                  | rElec rN++ Str+4}
   772 | D:2      | Reached XP level 3. HP: 9/28 MP: 3/3
   776 | D:2      | Reached skill level 1 in Armour
   925 | D:3      | Reached XP level 4. HP: 12/34 MP: 4/4
  1466 | D:3      | HP: 1/34 [iguana (5)]
  1472 | D:3      | Slain by an iguana

Illustrated notes

Levels and vault maps discovered:
D:1:      minmay_arrival_jagged, layout_basic, shapermc_ecumenical_altar_petra,
          nicolae_wormholes
D:2:      layout_basic, minmay_tiny_reverse_x
D:3:      layout_loops_ring, chequers_arboretum

Skill      XL: |  1  2  3 |
---------------+----------+-----
Armour         | 1 |  1.5
Fighting       | |  2.5
Polearms       | |  3.9
Throwing       | |  2.1
Dodging        | |  3.3
Stealth        | |  0.3

Action                   |  1- 3 |  4- 6 || total
-------------------------+-------+-------++-------
Melee: Trident           |    60 |    34 ||    94
Throw: Throwing net      |     4 |       ||     4
  Use: Scroll            |     4 |       ||     4
       Potion            |     1 |       ||     1
 Stab: Held in net/web   |     1 |       ||     1
Armor: Leather armour    |    19 |       ||    19
       Scale mail        |     5 |    15 ||    20
Dodge: Dodged            |    42 |    23 ||    65

Table legend: (Time is in decaauts)
 A = Elapsed time spent in this place.
 B = Non-inter-level travel time spent in this place.
 C = Inter-level travel time spent in this place.
 D = Time resting spent in this place.
 E = Time spent auto-exploring this place.
 F = Levels seen in this place.
 G = Mean time per level.
                   A        B        C        D        E       F      G
               +--------+--------+--------+--------+--------+-----+--------+
         Total |   1483 |   1266 |    217 |    572 |      0 |   3 |  494.3 |
       Dungeon |   1483 |   1266 |    217 |    572 |      0 |   3 |  494.3 |
               +--------+--------+--------+--------+--------+-----+--------+

Top non-repeatable levels by time:
     D:1: 711 daAuts
     D:3: 591 daAuts
     D:2: 179 daAuts
